[Event "9th RTU Rapid 2019"]
[Site "Riga"]
[Date "2019.08.04"]
[Round "8.20"]
[White "Shashnev, Pavel"]
[Black "Afanasiev, Vadim"]
[Result "1/2-1/2"]
[ECO "C45"]
[WhiteElo "2021"]
[BlackElo "2241"]
[Annotator "NA"]
[PlyCount "155"]
[EventDate "2019.08.05"]
[EventType "swiss"]
[EventCountry "LAT"]
[SourceTitle "playchess.com"]
[Source "ChessBase"]
[SourceQuality "1"]
[TimeControl "5400+30"]

1. e4 e5 2. Nf3 Nc6 3. d4 exd4 4. Nxd4 Bc5 5. Be3 Qf6 6. c3 b6 7. Qd2 Bb7 8. b4 Bxd4 9. cxd4 Qg6 10. f3 Nge7 11. b5 Na5 12. Bd3 d5 13. O-O O-O 14. Qc2 Qe6 15. Nc3 f5 16. Rae1 f4 17. Bf2 Qd7 18. exd5 g6 19. Be4 Nc4 20. d6 Nxd6 21. Bxb7 Nxb7 22. Qe4 Rf7 23. Qxb7 Rd8 24. Qe4 Nf5 25. Qe6 Nxd4 26. Qxd7 Rfxd7 27. Bxd4 Rxd4 28. Rd1 Kf7 29. Rxd4 Rxd4 30. Rd1 Rc4 31. Rd3 Ke6 32. Kf2 Rb4 33. Ke2 g5 34. Rd2 Rc4 35. Rd3 Rb4 36. Nd5 Rc4 37. Kd2 Rc5 38. Nc3 h6 39. Rd8 Rc4 40. Rh8 Rd4+ 41. Kc2 Kf5 42. Rxh6 Rd7 43. Rh8 Re7 44. Ra8 Rh7 45. Rf8+ Ke5 46. Rg8 Kf5 47. Ne4 Rxh2 48. Rxg5+ Ke6 49. Kd3 Rh1 50. Rg7 Rc1 51. Nc3 Kd6 52. Rf7 Rg1 53. Rxf4 Rxg2 54. Rd4+ Ke6 55. Re4+ Kd6 56. f4 Rf2 57. Ke3 Rc2 58. Kd3 Rf2 59. Ra4 Rf3+ 60. Kc2 c6 61. bxc6 Kxc6 62. Re4 b5 63. Kb3 a5 64. Kc2 Rf2+ 65. Re2 Rxf4 66. Re6+ Kc5 67. Re5+ Kc4 68. Re4+ Rxe4 69. Nxe4 Kd4 70. Nd2 Kd5 71. Kc3 Kc5 72. Nb3+ Kb6 73. Kd4 a4 74. Nc5 Ka5 75. Nb7+ Kb4 76. Nd6 Ka3 77. Nxb5+ Kxa2 78. Nc3+ 1/2-1/2

[Event "9th RTU Rapid 2019"]
[Site "Riga"]
[Date "2019.08.04"]
[Round "8.21"]
[White "Damen, Jip"]
[Black "Smirnova, Ekaterina"]
[Result "1/2-1/2"]
[ECO "C01"]
[WhiteElo "2179"]
[BlackElo "2134"]
[Annotator "NA"]
[PlyCount "78"]
[EventDate "2019.08.05"]
[EventType "swiss"]
[EventCountry "LAT"]
[SourceTitle "playchess.com"]
[Source "ChessBase"]
[SourceQuality "1"]
[TimeControl "5400+30"]

1. e4 e6 2. d4 d5 3. Nc3 Bb4 4. exd5 exd5 5. Bd3 Ne7 6. Nge2 Bf5 7. a3 Bxd3 8. Qxd3 Bxc3+ 9. Qxc3 c6 10. O-O Nd7 11. Bg5 f6 12. Bf4 O-O 13. Rfe1 Ng6 14. Qb4 Re8 15. Bg3 Qb6 16. Qc3 Re6 17. Nf4 Nxf4 18. Bxf4 Rae8 19. g3 Nf8 20. Bd6 Ng6 21. Bc5 Qc7 22. Rxe6 Rxe6 23. Re1 Rxe1+ 24. Qxe1 Kf7 25. h4 b6 26. Bb4 a5 27. Bd2 Qe7 28. Be3 Qe4 29. Qc3 Ne7 30. Bf4 a4 31. Bd6 Nf5 32. Qxc6 Qe1+ 33. Kg2 Qe4+ 34. Kh2 Nxd6 35. Qxd6 Qxd4 36. Qd7+ Kf8 37. Qd8+ Kf7 38. Qd7+ Kf8 39. Qd8+ Kf7 1/2-1/2

[Event "9th RTU Rapid 2019"]
[Site "Riga"]
[Date "2019.08.04"]
[Round "8.22"]
[White "Alvarado Ascanio, Francisco"]
[Black "Mota, Pankit"]
[Result "0-1"]
[ECO "D12"]
[WhiteElo "2166"]
[BlackElo "1841"]
[Annotator "NA"]
[PlyCount "81"]
[EventDate "2019.08.05"]
[EventType "swiss"]
[EventCountry "LAT"]
[SourceTitle "playchess.com"]
[Source "ChessBase"]
[SourceQuality "1"]
[TimeControl "5400+30"]

1. d4 d5 2. c4 c6 3. e3 Nf6 4. Nc3 Bf5 5. Nf3 e6 6. Nh4 Bg4 7. Qb3 Qc7 8. h3 Bh5 9. g4 Bg6 10. Nxg6 hxg6 11. Bg2 Be7 12. Bd2 Na6 13. a3 Qb6 14. Qxb6 axb6 15. cxd5 exd5 16. O-O b5 17. Rfe1 O-O 18. f3 Rfd8 19. Na2 Nd7 20. Rec1 Re8 21. Nb4 Nxb4 22. axb4 Nb6 23. b3 g5 24. Ra5 Rxa5 25. bxa5 Na8 26. a6 Rb8 27. axb7 Rxb7 28. Rxc6 Nc7 29. e4 Ne6 30. Be3 Bf6 31. e5 Bd8 32. Rc8 Kh7 33. f4 gxf4 34. Bxd5 fxe3 35. Bxb7 Bh4 36. Be4+ g6 37. Kf1 Nxd4 38. Bd3 Nxb3 39. Bxb5 Nd4 40. Bc4 Nf3 41. Bxf7 0-1

[Event "9th RTU Rapid 2019"]
[Site "Riga"]
[Date "2019.08.04"]
[Round "8.23"]
[White "Jeet, Jain"]
[Black "Low, Kevin"]
[Result "0-1"]
[ECO "B51"]
[WhiteElo "1828"]
[BlackElo "2153"]
[Annotator "NA"]
[PlyCount "72"]
[EventDate "2019.08.05"]
[EventType "swiss"]
[EventCountry "LAT"]
[SourceTitle "playchess.com"]
[Source "ChessBase"]
[SourceQuality "1"]
[TimeControl "5400+30"]

1. e4 c5 2. Nf3 d6 3. Bb5+ Nc6 4. Bxc6+ bxc6 5. O-O Nf6 6. e5 Nd5 7. exd6 exd6 8. Re1+ Be7 9. d4 cxd4 10. Nxd4 Bd7 11. c4 Nc7 12. Qf3 c5 13. Nc6 Bxc6 14. Qxc6+ Qd7 15. Qe4 O-O 16. Nc3 Bf6 17. Nd5 Rae8 18. Nxf6+ gxf6 19. Bh6 Rxe4 20. Rxe4 Re8 21. Rf4 f5 22. Rf3 Re6 23. Bf4 Qe7 24. Kf1 h5 25. Rd1 Na6 26. a3 Nb8 27. Rg3+ Kf8 28. Rg5 Qf6 29. Rxh5 Nc6 30. g3 Ke8 31. Rd2 Nd4 32. b4 Nf3 33. Rd1 Qc3 34. Kg2 Ne1+ 35. Kf1 Qf3 36. Rh8+ Kd7 0-1

[Event "9th RTU Rapid 2019"]
[Site "Riga"]
[Date "2019.08.04"]
[Round "8.24"]
[White "Germanovs, Georgijs"]
[Black "Ivanisvili, Andrejs"]
[Result "1-0"]
[ECO "A42"]
[WhiteElo "1911"]
[BlackElo "2144"]
[Annotator "NA"]
[PlyCount "92"]
[EventDate "2019.08.05"]
[EventType "swiss"]
[EventCountry "LAT"]
[SourceTitle "playchess.com"]
[Source "ChessBase"]
[SourceQuality "1"]
[TimeControl "5400+30"]

1. e4 g6 2. d4 Bg7 3. c4 d6 4. Nc3 Nd7 5. f4 e5 6. fxe5 dxe5 7. d5 Ne7 8. Nf3 O-O 9. Be2 f5 10. Ng5 Nf6 11. O-O h6 12. Nf3 f4 13. Nxe5 Nxe4 14. Nxg6 Nxc3 15. Nxe7+ Qxe7 16. bxc3 Bxc3 17. Rb1 Qe5 18. Bg4 Qd4+ 19. Kh1 Qxd1 20. Bxd1 Be5 21. Bc2 b6 22. Ba3 Bd6 23. Bxd6 cxd6 24. Rbe1 Bf5 25. Bxf5 Rxf5 26. Re6 Rc8 27. Rxh6 Rxc4 28. Rxd6 Rd4 29. Rd8+ Kg7 30. Rd7+ Kg6 31. Rxa7 Rfxd5 32. h3 Rb5 33. Ra6 Rb2 34. a4 Kg5 35. a5 b5 36. Ra8 Rdd2 37. Rg8+ Kf5 38. Rf8+ Ke5 39. Re1+ Kd4 40. Rxf4+ Kc5 41. Rc1+ Kd6 42. Rg4 Ra2 43. a6 Kd5 44. Rg7 Re2 45. a7 b4 46. Rc8 Re1+ 1-0

[Event "9th RTU Rapid 2019"]
[Site "Riga"]
[Date "2019.08.04"]
[Round "8.26"]
[White "Nesteretz, Anatoliy"]
[Black "Efremov, Vladislav"]
[Result "1-0"]
[ECO "B47"]
[WhiteElo "2317"]
[BlackElo "1956"]
[Annotator "NA"]
[PlyCount "99"]
[EventDate "2019.08.05"]
[EventType "swiss"]
[EventCountry "LAT"]
[SourceTitle "playchess.com"]
[Source "ChessBase"]
[SourceQuality "1"]
[TimeControl "5400+30"]

1. e4 c5 2. Nf3 e6 3. d4 cxd4 4. Nxd4 Nc6 5. Nc3 Qc7 6. g3 a6 7. Bg2 Nf6 8. O-O Bc5 9. Nxc6 dxc6 10. Na4 Ba7 11. c4 O-O 12. c5 e5 13. Bg5 Qe7 14. Qc2 h6 15. Bd2 Be6 16. f4 exf4 17. gxf4 Nd7 18. b4 f6 19. Kh1 Bb8 20. Nc3 Bc7 21. Nd5 cxd5 22. exd5 Bf7 23. Rae1 Qd8 24. d6 Bxd6 25. cxd6 Nb6 26. Bxb7 Ra7 27. Bg2 Qxd6 28. Be3 Rc8 29. Bc5 Qd8 30. Bxb6 Rxc2 31. Bxd8 Rd7 32. Rd1 Rxd1 33. Rxd1 Rxa2 34. Bd5 Rb2 35. Ba5 Rf2 36. Bxf7+ Kxf7 37. Rd6 Rxf4 38. Rxa6 Rf1+ 39. Kg2 Rb1 40. Ra7+ Kg6 41. Rb7 Rb2+ 42. Kg3 Rb3+ 43. Kg2 Rb2+ 44. Kg3 Rb3+ 45. Kf4 Rh3 46. b5 Rxh2 47. b6 Rb2 48. Ra7 h5 49. b7 h4 50. Bc7 1-0

[Event "9th RTU Rapid 2019"]
[Site "Riga"]
[Date "2019.08.04"]
[Round "8.27"]
[White "Mohammad Nubairshah Shaikh"]
[Black "Gagare, Shalmali"]
[Result "1-0"]
[ECO "E32"]
[WhiteElo "2278"]
[BlackElo "1984"]
[Annotator "NA"]
[PlyCount "100"]
[EventDate "2019.08.05"]
[EventType "swiss"]
[EventCountry "LAT"]
[SourceTitle "playchess.com"]
[Source "ChessBase"]
[SourceQuality "1"]
[TimeControl "5400+30"]

1. d4 Nf6 2. c4 e6 3. Nc3 Bb4 4. Qc2 O-O 5. e4 d5 6. e5 Ne4 7. Bd3 c5 8. Nge2 cxd4 9. Nxd4 Nd7 10. Bf4 Qa5 11. Bxe4 dxe4 12. Nb3 Bxc3+ 13. bxc3 Qc7 14. Qxe4 b6 15. Qxa8 Bb7 16. Qxa7 Ra8 17. Qxa8+ Bxa8 18. O-O Qxc4 19. Bg3 Nxe5 20. Rfd1 Nd3 21. Nc1 Be4 22. f3 Bg6 23. Nxd3 Bxd3 24. a4 h5 25. Bf2 h4 26. Bxh4 Qxh4 27. Rxd3 Qc4 28. Rdd1 Qxc3 29. Kh1 Qc4 30. Rdb1 Qd4 31. h3 e5 32. Re1 f5 33. Rab1 e4 34. fxe4 fxe4 35. Re2 Qxa4 36. Rbe1 b5 37. Rxe4 Qc2 38. Rb4 Qc5 39. Reb1 Kh7 40. Rxb5 Qc2 41. Rb6 Qd3 42. Rb7 Qe4 43. R7b4 Qe7 44. Rg4 Qd7 45. Rf1 Qe7 46. Rf3 Qe1+ 47. Kh2 Qe5+ 48. Rfg3 Qf6 49. Rxg7+ Qxg7 50. Rxg7+ Kxg7 1-0

[Event "9th RTU Rapid 2019"]
[Site "Riga"]
[Date "2019.08.04"]
[Round "8.28"]
[White "Kolesnikovs, Ivans"]
[Black "Evchin, Maxim"]
[Result "0-1"]
[ECO "C45"]
[WhiteElo "2013"]
[BlackElo "2269"]
[Annotator "NA"]
[PlyCount "100"]
[EventDate "2019.08.05"]
[EventType "swiss"]
[EventCountry "LAT"]
[SourceTitle "playchess.com"]
[Source "ChessBase"]
[SourceQuality "1"]
[TimeControl "5400+30"]

1. e4 e5 2. Nf3 Nc6 3. d4 exd4 4. Nxd4 Nf6 5. Nxc6 bxc6 6. e5 Qe7 7. Qe2 Nd5 8. c4 Nb6 9. Nc3 Qe6 10. g3 g6 11. b3 Bg7 12. f4 d6 13. Bb2 dxe5 14. Ne4 O-O 15. Bg2 exf4 16. Bxg7 Kxg7 17. Qb2+ f6 18. O-O Qe5 19. Qf2 fxg3 20. Nxg3 f5 21. Rae1 Qf6 22. Qc5 Rf7 23. Ne4 Nd7 24. Qe3 Qe5 25. Ng5 Re7 26. Qf2 Qf6 27. Rxe7+ Qxe7 28. Qd4+ Qe5 29. Ne6+ Kg8 30. Bxc6 Rb8 31. Bd5 c6 32. Bxc6 Rb6 33. Bd5 Rxe6 34. Qxe5 Nxe5 35. Bxe6+ Bxe6 36. Kf2 Kf7 37. Ke3 Kf6 38. Kd4 g5 39. Kc5 f4 40. Kd6 f3 41. c5 Bh3 42. Rf2 Kf5 43. c6 Kf4 44. c7 Nd3 45. Rd2 Ke3 46. Rd1 f2 47. Kc6 Ke2 48. Rh1 Bg2+ 49. Kd6 Bh3 50. Ke7 f1=Q {[%emt 0:00:28] 0} 0-1

[Event "9th RTU Rapid 2019"]
[Site "Riga"]
[Date "2019.08.04"]
[Round "8.29"]
[White "Babrauskas, Darius"]
[Black "Kretainis, Kristaps"]
[Result "1/2-1/2"]
[ECO "B40"]
[WhiteElo "1988"]
[BlackElo "2252"]
[Annotator "NA"]
[PlyCount "205"]
[EventDate "2019.08.05"]
[EventType "swiss"]
[EventCountry "LAT"]
[SourceTitle "playchess.com"]
[Source "ChessBase"]
[SourceQuality "1"]
[TimeControl "5400+30"]

1. e4 c5 2. Nf3 e6 3. d4 cxd4 4. Nxd4 Nf6 5. Nc3 Bb4 6. e5 Nd5 7. Bd2 Nxc3 8. bxc3 Be7 9. Bd3 Nc6 10. Nxc6 dxc6 11. Qg4 g6 12. O-O Qc7 13. Rfe1 Bd7 14. Qf3 Rd8 15. Rab1 b6 16. Bh6 c5 17. Be4 Qxe5 18. Bf4 Qf6 19. Qg3 O-O 20. Bc7 Rde8 21. Rbd1 Ba4 22. h3 Qg5 23. Qd3 Rc8 24. Bg3 c4 25. Qf3 Rfd8 26. Qe2 Bc5 27. Kh2 Bb5 28. Qf3 Rxd1 29. Rxd1 Rd8 30. Rxd8+ Qxd8 31. Qf4 Be7 32. Qe5 Bf6 33. Qxb5 Qc8 34. Be5 a6 35. Qxb6 Bxe5+ 36. g3 Bxc3 37. Bb7 Qd7 38. Bxa6 Bd4 39. Qb8+ Kg7 40. Qf4 Qd5 41. c3 Bxc3 42. Bxc4 Qc5 43. Bb3 Bd4 44. Kg2 Qc3 45. Qf3 Qd2 46. a4 Qe1 47. Bc4 g5 48. Qe2 Qb4 49. Bb5 h6 50. Qe4 Qc5 51. Bd3 Bxf2 52. Qh7+ Kf8 53. Qxh6+ Ke7 54. Qh5 Bd4 55. Qe2 Qc6+ 56. Qe4 Qxa4 57. Qb7+ Kf6 58. Qf3+ Kg7 59. Qe4 Qa2+ 60. Bc2 Bf6 61. Qh7+ Kf8 62. Qe4 Qb2 63. Kf3 Qc1 64. Qe2 Bd4 65. Kg4 Bf6 66. Bd3 Qc3 67. Kf3 Be5 68. Kg2 Kg7 69. Qe3 Bf6 70. Qe2 Qc5 71. Qe4 Bd4 72. Qh7+ Kf8 73. Qe4 Qd6 74. Qa8+ Kg7 75. Qe4 Qc5 76. Qh7+ Kf6 77. Qe4 Be5 78. Qf3+ Ke7 79. Qb7+ Kf8 80. Qa8+ Kg7 81. Qe4 Bc7 82. Qh7+ Kf8 83. Qe4 Bb6 84. Qe1 Qd4 85. Qf1 Qe3 86. Be2 Kg7 87. Bh5 f5 88. Bf3 Bd4 89. Be2 Kf6 90. Bf3 Bb6 91. Qd1 Qf2+ 92. Kh1 Qxg3 93. Bg2 Qf2 94. Qb1 Bd4 95. Qc1 Be5 96. Qd1 Qg3 97. Qd8+ Kg7 98. Qe7+ Kh8 99. Qf8+ Kh7 100. Qf7+ Bg7 101. Qh5+ Bh6 102. Qf7+ Bg7 103. Qh5+ 1/2-1/2

[Event "9th RTU Rapid 2019"]
[Site "Riga"]
[Date "2019.08.04"]
[Round "8.30"]
[White "Korchagin, Oleg"]
[Black "Bracker, Arne"]
[Result "0-1"]
[ECO "D35"]
[WhiteElo "2056"]
[BlackElo "2227"]
[Annotator "NA"]
[PlyCount "55"]
[EventDate "2019.08.05"]
[EventType "swiss"]
[EventCountry "LAT"]
[SourceTitle "playchess.com"]
[Source "ChessBase"]
[SourceQuality "1"]
[TimeControl "5400+30"]

1. d4 Nf6 2. c4 e6 3. Nf3 d5 4. cxd5 exd5 5. Qc2 Be7 6. Bf4 c6 7. Nc3 g6 8. h3 Bf5 9. Qb3 Qb6 10. Nd2 O-O 11. e3 Nbd7 12. g4 Be6 13. Be2 Qxb3 14. Nxb3 a5 15. Rc1 a4 16. Nd2 a3 17. b3 Bb4 18. Bh6 Rfc8 19. Kd1 Ne8 20. f4 f6 21. Bd3 Nd6 22. f5 Bf7 23. Bf4 g5 24. Bg3 Re8 25. Ke2 Re7 26. Kf3 h5 27. Rhe1 Rae8 28. Bxd6 0-1

[Event "9th RTU Rapid 2019"]
[Site "Riga"]
[Date "2019.08.04"]
[Round "8.31"]
[White "Bagatais, Janis"]
[Black "Ciolek, Andreas"]
[Result "1-0"]
[ECO "B13"]
[WhiteElo "1946"]
[BlackElo "2158"]
[Annotator "NA"]
[PlyCount "65"]
[EventDate "2019.08.05"]
[EventType "swiss"]
[EventCountry "LAT"]
[SourceTitle "playchess.com"]
[Source "ChessBase"]
[SourceQuality "1"]
[TimeControl "5400+30"]

1. e4 c6 2. d4 d5 3. exd5 cxd5 4. Bd3 Nf6 5. c3 Qc7 6. Nf3 Bg4 7. O-O e6 8. h3 Bh5 9. Nbd2 Bd6 10. Qc2 Bg6 11. Bxg6 hxg6 12. b3 Nbd7 13. c4 dxc4 14. bxc4 O-O 15. Bb2 Rac8 16. Qb3 Qb6 17. Rac1 Bf4 18. Rfd1 Rfd8 19. Ba3 Qc7 20. Rb1 b6 21. Qa4 e5 22. Be7 Re8 23. Bxf6 gxf6 24. Ne4 f5 25. Qxd7 fxe4 26. Nxe5 Bxe5 27. dxe5 Rxe5 28. Rbc1 Qc5 29. Qxa7 e3 30. fxe3 Rxe3 31. Kh1 Qc6 32. Qd7 Rxh3+ 33. Qxh3 1-0

[Event "9th RTU Rapid 2019"]
[Site "Riga"]
[Date "2019.08.04"]
[Round "8.32"]
[White "Mohite, Ranveer"]
[Black "Martinkus, Rolandas"]
[Result "0-1"]
[ECO "C61"]
[WhiteElo "1935"]
[BlackElo "2155"]
[Annotator "NA"]
[PlyCount "130"]
[EventDate "2019.08.05"]
[EventType "swiss"]
[EventCountry "LAT"]
[SourceTitle "playchess.com"]
[Source "ChessBase"]
[SourceQuality "1"]
[TimeControl "5400+30"]

1. e4 e5 2. Nf3 Nc6 3. Bb5 Nd4 4. Nxd4 exd4 5. O-O Bc5 6. d3 c6 7. Ba4 Ne7 8. Nd2 O-O 9. c3 Bb6 10. cxd4 Bxd4 11. Nf3 Bb6 12. d4 d5 13. e5 Bf5 14. Nh4 Qd7 15. Be3 f6 16. exf6 Rxf6 17. Bg5 Rf7 18. Re1 Ng6 19. Nxf5 Qxf5 20. Be3 Re8 21. Bc2 Qf6 22. Qd2 Bc7 23. Bg5 Rxe1+ 24. Rxe1 Qd6 25. g3 h6 26. Be3 Nh4 27. gxh4 Qxh2+ 28. Kf1 Qh1+ 29. Ke2 Qf3+ 30. Kd3 c5 31. Qe2 c4+ 32. Kd2 Ba5+ 33. Kd1 Bxe1 34. Qxf3 Rxf3 35. Kxe1 Rh3 36. Bf5 Rh1+ 37. Kd2 Kf7 38. Kc3 a5 39. Bd7 Rxh4 40. b3 Ke7 41. Bb5 cxb3 42. axb3 g5 43. Bd3 Kf6 44. b4 b6 45. Kb3 Rh1 46. bxa5 bxa5 47. Ka4 Ra1+ 48. Kb5 a4 49. Kc5 Rd1 50. Bc2 a3 51. Bb3 Kf5 52. Kxd5 h5 53. Bc2+ Kf6 54. Bb3 h4 55. Ke4 Rb1 56. Bc4 h3 57. Kf3 Rg1 58. d5 h2 59. Bd4+ Kg6 60. Bd3+ Kh6 61. d6 h1=Q+ 62. Ke3 Re1+ 63. Kd2 Rd1+ 64. Kc3 Rxd3+ 65. Kxd3 Qd5 0-1

[Event "9th RTU Rapid 2019"]
[Site "Riga"]
[Date "2019.08.04"]
[Round "8.33"]
[White "Petrovskis, Olegs"]
[Black "Bogorad, Michail"]
[Result "1-0"]
[ECO "E91"]
[WhiteElo "2147"]
[BlackElo "1840"]
[Annotator "NA"]
[PlyCount "117"]
[EventDate "2019.08.05"]
[EventType "swiss"]
[EventCountry "LAT"]
[SourceTitle "playchess.com"]
[Source "ChessBase"]
[SourceQuality "1"]
[TimeControl "5400+30"]

1. d4 Nf6 2. Nf3 g6 3. c4 Bg7 4. Nc3 O-O 5. e4 d6 6. Be2 Nbd7 7. h3 c5 8. d5 a6 9. O-O Rb8 10. a4 b6 11. Ne1 Ne8 12. f4 Bd4+ 13. Kh1 e6 14. Nc2 Bg7 15. Ne3 Ndf6 16. dxe6 Bxe6 17. f5 Bd7 18. Ned5 Nxd5 19. Nxd5 Bc6 20. Qc2 Bxd5 21. cxd5 Qe7 22. Bxa6 Nf6 23. Bd3 Nh5 24. Bf4 Nxf4 25. Rxf4 Qe5 26. Rf2 Bh6 27. Raf1 Be3 28. Rf3 Bd4 29. b3 Rbe8 30. Qc1 Bb2 31. Qg5 Bd4 32. h4 Qg7 33. f6 Qh8 34. g4 Re5 35. Qh6 Rfe8 36. g5 Rxe4 37. Bxe4 Rxe4 38. Kg2 Re2+ 39. Kh3 Be5 40. R1f2 Re4 41. Qg7+ Qxg7 42. fxg7 Bxg7 43. Rxf7 Rd4 44. R2f3 Rxd5 45. Rb7 Be5 46. h5 gxh5 47. Kh4 Rd4+ 48. Kxh5 Rb4 49. g6 hxg6+ 50. Kxg6 Rg4+ 51. Kf5 Rg7 52. Rxg7+ Kxg7 53. Ke6 Kg6 54. Rd3 Kg5 55. Rxd6 Bxd6 56. Kxd6 Kf5 57. Kc6 Ke5 58. Kxb6 Kd4 59. a5 1-0

[Event "9th RTU Rapid 2019"]
[Site "Riga"]
[Date "2019.08.04"]
[Round "9.1"]
[White "Gagare, Shardul"]
[Black "Svane, Rasmus"]
[Result "0-1"]
[ECO "A11"]
[WhiteElo "2430"]
[BlackElo "2612"]
[Annotator "ChessBase"]
[PlyCount "114"]
[EventDate "2019.08.05"]
[EventType "swiss"]
[EventCountry "LAT"]
[SourceTitle "playchess.com"]
[Source "ChessBase"]
[SourceQuality "1"]
[TimeControl "5400+30"]

1. Nf3 d5 2. c4 c6 3. g3 Nf6 4. Bg2 dxc4 5. O-O Nbd7 6. Qc2 Nb6 7. a4 a5 8. Na3 Qd5 9. Ne1 Bf5 10. Bxd5 Bxc2 11. Bxc6+ bxc6 12. Naxc2 g6 13. d3 Bg7 14. Na3 cxd3 15. Nxd3 O-O 16. b3 Nfd5 17. Bb2 Bxb2 18. Nxb2 Rfb8 19. Nbc4 Nd7 20. Rab1 Nc5 21. Ne5 Nc3 22. Rb2 N3xa4 23. Rc2 Rxb3 24. Nac4 Rc3 25. Rfc1 Rxc2 26. Rxc2 Ra6 27. Ra2 f6 28. Nd3 Nxd3 29. exd3 Nc3 30. Rxa5 Rxa5 31. Nxa5 Ne2+ 32. Kf1 Nd4 33. f4 Kf7 34. Kf2 Ke6 35. Nc4 Kd5 36. Nb6+ Kd6 37. Ke3 Nc2+ 38. Kd2 Nb4 39. Nc8+ Ke6 40. Nb6 Kf5 41. h3 h5 42. Nc8 Nd5 43. Na7 c5 44. Nc6 h4 45. gxh4 Kxf4 46. Nd8 Kg3 47. Ne6 Kxh4 48. Nxc5 Kxh3 49. d4 g5 50. Kd3 g4 51. Ne4 g3 52. Nd2 g2 53. Nf3 Kg3 54. Ng1 f5 55. Kc4 e6 56. Kc5 f4 57. Kd6 f3 0-1

[Event "9th RTU Rapid 2019"]
[Site "Riga"]
[Date "2019.08.04"]
[Round "9.2"]
[White "Galchenko, Matvey"]
[Black "Korchmar, Vasiliy"]
[Result "1/2-1/2"]
[ECO "A36"]
[WhiteElo "2360"]
[BlackElo "2413"]
[Annotator "NA"]
[PlyCount "43"]
[EventDate "2019.08.05"]
[EventType "swiss"]
[EventCountry "LAT"]
[SourceTitle "playchess.com"]
[Source "ChessBase"]
[SourceQuality "1"]
[TimeControl "5400+30"]

1. c4 c5 2. Nc3 Nc6 3. g3 g6 4. Bg2 Bg7 5. e3 e5 6. Nge2 Nge7 7. O-O d6 8. Nd5 O-O 9. Nec3 Nxd5 10. Nxd5 Be6 11. h3 Qd7 12. Kh2 f5 13. f4 Ne7 14. d3 Nxd5 15. cxd5 Bf7 16. Rb1 Rac8 17. e4 exf4 18. Bxf4 fxe4 19. dxe4 h6 20. h4 Rce8 21. Qd2 Kh7 22. Rf2 1/2-1/2

[Event "9th RTU Rapid 2019"]
[Site "Riga"]
[Date "2019.08.04"]
[Round "9.3"]
[White "Pultinevicius, Paulius"]
[Black "Gukesh D"]
[Result "1-0"]
[ECO "A50"]
[WhiteElo "2501"]
[BlackElo "1683"]
[Annotator "ChessBase"]
[PlyCount "133"]
[EventDate "2019.08.05"]
[EventType "swiss"]
[EventCountry "LAT"]
[SourceTitle "playchess.com"]
[Source "ChessBase"]
[SourceQuality "1"]
[TimeControl "5400+30"]

1. d4 Nf6 2. c4 b6 3. Nc3 Bb7 4. d5 e6 5. a3 exd5 6. cxd5 Bc5 7. e4 O-O 8. Bd3 Re8 9. Bc2 c6 10. b4 cxd5 11. bxc5 bxc5 12. Rb1 Ba6 13. Nxd5 Nxe4 14. Bxe4 Rxe4+ 15. Be3 Nc6 16. Ne2 Nd4 17. Ndc3 Qa5 18. O-O Ree8 19. Re1 Nxe2+ 20. Nxe2 Rab8 21. Nf4 Bc4 22. Qxd7 Qxa3 23. Rxb8 Rxb8 24. Qd6 Re8 25. Qc6 Rd8 26. h4 h6 27. Bxc5 Qc3 28. Re8+ Rxe8 29. Qxe8+ Kh7 30. Qe4+ Kg8 31. Bxa7 Qa1+ 32. Kh2 Qxa7 33. Qxc4 Qxf2 34. Qc8+ Kh7 35. Qg4 Qd4 36. Qg3 Qe5 37. Kh3 Qf5+ 38. Qg4 Qe5 39. Nh5 Qc3+ 40. Ng3 Qa1 41. Qe4+ g6 42. h5 Qc3 43. hxg6+ fxg6 44. Qe7+ Kg8 45. Kh2 Qd2 46. Ne4 Qf4+ 47. g3 Qf7 48. Qxf7+ Kxf7 49. Kh3 Ke6 50. Kg4 Ke5 51. Nd2 Kf6 52. Ne4+ Ke5 53. Nc3 Kd4 54. Ne2+ Ke5 55. Nf4 Kf6 56. Nd5+ Ke5 57. Nb6 Ke6 58. Kf4 Kf6 59. Nd5+ Ke6 60. Ke4 Kf7 61. Ke5 Kg7 62. Ke6 h5 63. Nf4 Kh6 64. Kf6 g5 65. Ne2 g4 66. Nf4 h4 67. gxh4 1-0

[Event "9th RTU Rapid 2019"]
[Site "Riga"]
[Date "2019.08.04"]
[Round "9.4"]
[White "Saduakassova, Dinara"]
[Black "Suleymenov, Alisher"]
[Result "1/2-1/2"]
[ECO "E90"]
[WhiteElo "2437"]
[BlackElo "2348"]
[Annotator "NA"]
[PlyCount "40"]
[EventDate "2019.08.05"]
[EventType "swiss"]
[EventCountry "LAT"]
[SourceTitle "playchess.com"]
[Source "ChessBase"]
[SourceQuality "1"]
[TimeControl "5400+30"]

1. d4 Nf6 2. c4 c5 3. d5 g6 4. Nc3 Bg7 5. e4 d6 6. h3 O-O 7. Nf3 e6 8. Be2 exd5 9. exd5 Bf5 10. O-O Ne4 11. Nxe4 Bxe4 12. Ng5 Bf5 13. Bd3 Bxd3 14. Qxd3 Nd7 15. Nf3 Re8 16. Bf4 Ne5 17. Nxe5 Bxe5 18. Bxe5 Rxe5 19. f4 Re8 20. f5 Qh4 1/2-1/2

[Event "9th RTU Rapid 2019"]
[Site "Riga"]
[Date "2019.08.04"]
[Round "9.5"]
[White "Reizniece-Ozola, Dana"]
[Black "Kantans, Toms"]
[Result "0-1"]
[ECO "A31"]
[WhiteElo "2261"]
[BlackElo "2471"]
[Annotator "ChessBase"]
[PlyCount "50"]
[EventDate "2019.08.05"]
[EventType "swiss"]
[EventCountry "LAT"]
[SourceTitle "playchess.com"]
[Source "ChessBase"]
[SourceQuality "1"]
[TimeControl "5400+30"]

1. c4 c5 2. Nf3 Nc6 3. d4 cxd4 4. Nxd4 Qb6 5. Nb3 e6 6. Nc3 Nf6 7. e3 d5 8. cxd5 exd5 9. Be2 Be6 10. O-O Be7 11. Nb5 O-O 12. N5d4 Bd7 13. Nf3 Rac8 14. Nbd4 Ne4 15. Nxc6 bxc6 16. Ne5 Be6 17. f3 Nd6 18. Rb1 Nf5 19. Qb3 Qxb3 20. axb3 Bc5 21. Kf2 d4 22. Nd3 dxe3+ 23. Ke1 Bb6 24. g4 Nd4 25. Ne5 Ba5+ 0-1

[Event "9th RTU Rapid 2019"]
[Site "Riga"]
[Date "2019.08.04"]
[Round "9.6"]
[White "Vedrickas, Tautvydas"]
[Black "Krivonosov, Oleg"]
[Result "0-1"]
[ECO "D35"]
[WhiteElo "2231"]
[BlackElo "2445"]
[Annotator "NA"]
[PlyCount "130"]
[EventDate "2019.08.05"]
[EventType "swiss"]
[EventCountry "LAT"]
[SourceTitle "playchess.com"]
[Source "ChessBase"]
[SourceQuality "1"]
[TimeControl "5400+30"]

1. d4 d5 2. c4 e6 3. Nc3 Be7 4. Nf3 Nf6 5. cxd5 exd5 6. Bg5 c6 7. e3 Bf5 8. Be2 Nbd7 9. h3 h6 10. Bf4 Ne4 11. Nxe4 Bxe4 12. Nd2 Bh7 13. O-O O-O 14. Rc1 Qb6 15. Qb3 Qxb3 16. Nxb3 a5 17. a4 Bb4 18. Nc5 Nxc5 19. dxc5 Bf5 20. Rfd1 Rfe8 21. Bd6 Rad8 22. Rd4 Re4 23. Rxe4 Bxe4 24. Bg4 Bd3 25. h4 g6 26. h5 f5 27. Bh3 gxh5 28. Rd1 Bc2 29. Rc1 Be4 30. Kh2 Kf7 31. f3 Bd3 32. Rd1 Bc2 33. Rd4 Kg6 34. Kg1 Re8 35. Kf2 Re6 36. g4 hxg4 37. fxg4 Be4 38. gxf5+ Bxf5 39. Bxf5+ Kxf5 40. Rf4+ Kg6 41. Ke2 b6 42. Rf8 bxc5 43. Bf4 c4 44. Rg8+ Kh7 45. Ra8 d4 46. Rd8 d3+ 47. Kf3 Rg6 48. Rd7+ Rg7 49. Rd4 Rg1 50. e4 Kg6 51. Rxc4 d2 52. Rxc6+ Kf7 53. Rc7+ Ke8 54. Bxd2 Bxd2 55. Ke2 Bb4 56. Kd3 Rd1+ 57. Ke3 Rd7 58. Rc6 Rd6 59. Rc7 Rd7 60. Rc6 Rh7 61. Ra6 h5 62. Kf3 h4 63. Ra8+ Kf7 64. Kg2 h3+ 65. Kh1 Rh4 0-1

[Event "9th RTU Rapid 2019"]
[Site "Riga"]
[Date "2019.08.04"]
[Round "9.7"]
[White "Chibukhchyan, Erik"]
[Black "Omelja, Artem"]
[Result "0-1"]
[ECO "C05"]
[WhiteElo "2231"]
[BlackElo "2436"]
[Annotator "NA"]
[PlyCount "86"]
[EventDate "2019.08.05"]
[EventType "swiss"]
[EventCountry "LAT"]
[SourceTitle "playchess.com"]
[Source "ChessBase"]
[SourceQuality "1"]
[TimeControl "5400+30"]

1. e4 e6 2. d4 d5 3. Nd2 Nf6 4. e5 Nfd7 5. f4 b6 6. g3 c5 7. c3 Ba6 8. Ndf3 Bxf1 9. Kxf1 Nc6 10. Kg2 b5 11. Ne2 g6 12. g4 h5 13. h3 Qb6 14. Be3 b4 15. Rf1 bxc3 16. bxc3 Na5 17. Nd2 hxg4 18. hxg4 Qb5 19. Rf3 Nb6 20. dxc5 Bxc5 21. Rb1 Qc6 22. Bxc5 Qxc5 23. Nd4 Nac4 24. Nxc4 Qxc4 25. Qd2 Kd7 26. Rb4 Qc5 27. Nb3 Qe7 28. Qf2 Qh4 29. Qxh4 Rxh4 30. f5 gxf5 31. gxf5 Rg8+ 32. Rg3 Rxg3+ 33. Kxg3 Rh5 34. Nd4 Rg5+ 35. Kf2 Rh5 36. Kg2 exf5 37. a4 Kc8 38. a5 Nc4 39. a6 Rh6 40. Nxf5 Rxa6 41. Ne7+ Kd7 42. Nxd5 Nxe5 43. Rb7+ Kc6 0-1